[Event "Titled Tuesday Blitz September 27 Early 2022"]
[White "Sanchez, Robert"]
[Black "Fiorito, Francisco"]
[WhiteFideId "2034360"]
[BlackFideId "180165"]
[WhiteElo "2396"]
[BlackElo "1787"]
[Result "0-1"]
[Round "04"]
[TimeControl "180+1"]
[Date "2022.09.27"]
[WhiteClock "0:00:03"]
[BlackClock "0:00:07"]

1. e4 c5 2. Nf3 Nc6 3. d4 cxd4 4. Nxd4 g6 5. c4 Nf6 6. Nc3 d6 7. Nc2 Bg7 8. Be2 O-O 9. O-O Be6 10. Rb1 Rc8 11. b3 a6 12. f3 Qa5 13. Bd2 Qb6+ 14. Be3 Qc7 15. Nd5 Bxd5 16. cxd5 Ne5 17. Rc1 Qa5 18. a3 Ned7 19. b4 Qa4 20. Qd3 Ne5 21. Qd2 Nc4 22. Bxc4 Rxc4 23. Qd3 Rfc8 24. Nd4 Rxc1 25. Rxc1 Rxc1+ 26. Bxc1 Nd7 27. Be3 h5 28. h4 Ne5 29. Qc3 Qd1+ 30. Kh2 Bf6 31. Qc8+ Kg7 32. Qxb7 Bxh4 33. Qxa6 Qe1 34. Qe2 Qa1 35. b5 Qxa3 36. Nc6 Nd7 37. Bd4+ Bf6 38. Bxf6+ exf6 39. Qf2 Qb3 40. Qe2 Nc5 41. Nd4 Qb1 42. Nc6 h4 43. Kh3 Qh1+ 44. Kg4 Nd7 45. b6 Ne5+ 46. Kf4 Qc1+ 47. Qe3 g5+ 0-1


[Site "https://www.chess.com"]

[Event "Titled Tuesday Blitz September 27 Early 2022"]
[White "Saydaliev, Saidakbar"]
[Black "Aggelis, Nikolaos"]
[WhiteFideId "14203693"]
[BlackFideId "4213220"]
[WhiteElo "2265"]
[BlackElo "2154"]
[Result "1-0"]
[Round "04"]
[TimeControl "180+1"]
[Date "2022.09.27"]
[WhiteClock "0:01:40"]
[BlackClock "0:01:42"]

1. e4 c6 2. Nc3 d5 3. Nf3 dxe4 4. Nxe4 Bg4 5. h3 Bxf3 6. Qxf3 e6 7. Be2 Nf6 8. O-O Nxe4 9. Qxe4 Nd7 10. d4 Bd6 11. c4 O-O 12. b3 Qc7 13. Bb2 Rae8 14. Rad1 e5 15. d5 c5 16. Bd3 f5 17. Qe2 e4 18. Bb1 Be5 19. Bc1 Qd6 20. Kh1 Kh8 21. f3 Nf6 22. fxe4 Nxe4 23. Bxe4 fxe4 24. Qxe4 Bg3 25. Qg4 Be5 26. Rde1 Bc3 27. Rxe8 Rxe8 28. Qf5 Bf6 29. Bf4 Qe7 30. Bg3 Qe2 31. Re1 Qxe1+ 32. Bxe1 Re5 33. Qf1 1-0


[Site "https://www.chess.com"]

[Event "Titled Tuesday Blitz September 27 Early 2022"]
[White "Schekachikhin, Maksim"]
[Black "Ferreira, Vitor Hugo Vieira"]
[WhiteFideId "24177830"]
[BlackFideId "2119765"]
[WhiteElo "2226"]
[BlackElo "2168"]
[Result "0-1"]
[Round "04"]
[TimeControl "180+1"]
[Date "2022.09.27"]
[WhiteClock "0:01:26"]
[BlackClock "0:01:57"]

1. g3 Nf6 2. Bg2 d5 3. Nf3 Bg4 4. O-O Nbd7 5. c4 e6 6. b3 Be7 7. Bb2 O-O 8. d3 c6 9. Nbd2 Nc5 10. Rc1 Qa5 11. Rc2 Rac8 12. Qa1 Na6 13. a3 c5 14. h3 Bf5 15. Ne5 h6 16. g4 Bh7 17. f4 Qc7 18. g5 hxg5 19. fxg5 Ne8 20. Ndf3 d4 21. Qe1 Nd6 22. Bc1 Nf5 23. Bf4 Bd6 24. h4 f6 25. gxf6 gxf6 0-1


[Site "https://www.chess.com"]

[Event "Titled Tuesday Blitz September 27 Early 2022"]
[White "Sebenik, Matej"]
[Black "Estrada Nieto, Julian"]
[WhiteFideId "14602296"]
[BlackFideId "5101018"]
[WhiteElo "2461"]
[BlackElo "2252"]
[Result "1-0"]
[Round "04"]
[TimeControl "180+1"]
[Date "2022.09.27"]
[WhiteClock "0:00:08"]
[BlackClock "0:00:03"]

1. c4 e5 2. d3 Nc6 3. Nf3 Nf6 4. a3 a5 5. Nc3 g6 6. g3 Bg7 7. Bg2 O-O 8. O-O d6 9. Rb1 Nd4 10. Nd2 c6 11. e3 Ne6 12. b4 axb4 13. axb4 h5 14. b5 d5 15. Bb2 Nc5 16. Nb3 Nxb3 17. Qxb3 Be6 18. Ra1 Qd7 19. bxc6 bxc6 20. cxd5 cxd5 21. Qb5 Qd6 22. Rxa8 Rxa8 23. Qb7 Rb8 24. Ba3 Rxb7 25. Bxd6 Ne8 26. Bc5 e4 27. d4 Nf6 28. Rb1 Rxb1+ 29. Nxb1 Bf8 30. Nc3 Nd7 31. Bxf8 Kxf8 32. f3 f5 33. f4 Ke7 34. Bf1 Kd6 35. Bb5 Bf7 36. Bxd7 Kxd7 37. Na4 Kc6 38. Nc5 Kb5 39. Nd7 Be6 40. Ne5 Kb4 41. Nxg6 Kc3 42. Kf2 Kd2 43. Ne7 Kd3 44. Nc6 Kd2 45. Ne5 Kc3 46. h3 Kd2 47. Ng6 Kd3 48. Nf8 Bf7 49. Nd7 Kd2 50. Nf6 Bg6 51. Nxd5 Kd3 52. Nf6 Bf7 53. d5 Kc4 54. d6 Be6 55. d7 Bxd7 56. Nxd7 Kd3 57. Nf6 h4 58. gxh4 Kd2 59. h5 1-0


[Site "https://www.chess.com"]

[Event "Titled Tuesday Blitz September 27 Early 2022"]
[White "Seemann, Jakub"]
[Black "Bilych, Olexiy"]
[WhiteFideId "21874697"]
[BlackFideId "14156504"]
[WhiteElo "2148"]
[BlackElo "2157"]
[Result "0-1"]
[Round "04"]
[TimeControl "180+1"]
[Date "2022.09.27"]
[WhiteClock "0:00:05"]
[BlackClock "0:00:14"]

1. d4 Nf6 2. c4 e6 3. Nf3 d5 4. g3 dxc4 5. Bg2 Bb4+ 6. Bd2 a5 7. Qc2 b5 8. O-O Bxd2 9. Nbxd2 O-O 10. a4 c6 11. b3 cxb3 12. Nxb3 Ba6 13. Nc5 bxa4 14. Rfd1 Bb5 15. Ne5 Nd5 16. Be4 g6 17. h4 Na6 18. Bxg6 hxg6 19. Nxe6 Nab4 20. Qb1 Qe7 21. Nxf8 Rxf8 22. Qb2 Re8 23. Rac1 f6 24. Nxg6 Qxe2 25. Qa3 Qg4 26. Re1 Rxe1+ 27. Rxe1 Qxg6 28. Qf3 Kg7 29. h5 Qg5 30. Re8 Bd3 31. Ra8 a3 32. Rxa5 a2 33. Kh2 Qf5 34. Qd1 Qxf2+ 35. Kh3 Bf5+ 36. g4 Nf4# 0-1


[Site "https://www.chess.com"]

[Event "Titled Tuesday Blitz September 27 Early 2022"]
[White "Sellitti, Federico"]
[Black "Burmakin, Vladimir"]
[WhiteFideId "821829"]
[BlackFideId "4105109"]
[WhiteElo "2517"]
[BlackElo "2513"]
[Result "1/2-1/2"]
[Round "04"]
[TimeControl "180+1"]
[Date "2022.09.27"]
[WhiteClock "0:00:04"]
[BlackClock "0:00:04"]

1. e4 c6 2. d4 d5 3. exd5 cxd5 4. Bd3 Nf6 5. c3 Qc7 6. Ne2 e6 7. Bf4 Bd6 8. Bxd6 Qxd6 9. O-O Nc6 10. Nd2 Rb8 11. Nf3 b5 12. Ng3 b4 13. Qe2 O-O 14. Ne5 bxc3 15. bxc3 Ne7 16. f4 g6 17. h4 Nf5 18. Nxf5 exf5 19. Rab1 Be6 20. Qc2 Ne4 21. Bxe4 dxe4 22. Qa4 Rbc8 23. Rfd1 Rxc3 24. d5 Bc8 25. Qxa7 Qf6 26. d6 Qxh4 27. d7 Bxd7 28. Rxd7 Qxf4 29. Nxf7 Rfc8 30. Rbd1 Rc1 31. Qb6 Rxd1+ 32. Rxd1 Qc7 33. Qxc7 Rxc7 34. Ne5 Rc2 35. a4 Ra2 36. g4 Rxa4 37. gxf5 gxf5 38. Rf1 Ra5 39. Rxf5 Kg7 40. Kf2 h5 41. Rxh5 Ra3 42. Nc4 Rc3 43. Ke2 e3 44. Re5 Rxc4 45. Rxe3 Rg4 46. Rf3 Rg6 47. Kf2 Rf6 48. Rxf6 Kxf6 1/2-1/2


[Site "https://www.chess.com"]

[Event "Titled Tuesday Blitz September 27 Early 2022"]
[White "Seo, Jung Min"]
[Black "Badelka, Olga"]
[WhiteFideId "1734687"]
[BlackFideId "13509926"]
[WhiteElo "2455"]
[BlackElo "2165"]
[Result "1-0"]
[Round "04"]
[TimeControl "180+1"]
[Date "2022.09.27"]
[WhiteClock "0:00:16"]
[BlackClock "0:00:02"]

1. e4 e5 2. Nf3 Nc6 3. Bb5 Nf6 4. d3 d6 5. c3 a6 6. Ba4 g6 7. O-O Bg7 8. Re1 O-O 9. Nbd2 b5 10. Bc2 Re8 11. Nf1 d5 12. Ng3 dxe4 13. dxe4 Qxd1 14. Bxd1 Be6 15. Ng5 Bc4 16. b3 Bd3 17. Nf3 Red8 18. Ba3 a5 19. Bc5 Bf8 20. Bxf8 Kxf8 21. Rc1 a4 22. Re3 Ng4 23. Re1 axb3 24. axb3 Ra2 25. Be2 Bxe2 26. Rxe2 Ra3 27. Rb2 Nf6 28. h3 h5 29. b4 Rd3 30. c4 bxc4 31. Rxc4 Nd4 32. Nxd4 exd4 33. f3 Rdb3 34. Rxb3 Rxb3 35. Rxd4 Ne8 36. Rc4 Nd6 37. Rxc7 Rxb4 38. Nf1 Rc4 39. Rd7 Ne8 40. Ne3 Rc1+ 41. Kf2 Nf6 42. Rd8+ Ke7 43. Rd2 Ra1 44. Rb2 Rc1 45. Nc2 Rd1 46. Ke2 Rg1 47. Ne3 Ra1 48. Rb7+ Kf8 49. e5 Ne8 50. f4 Ng7 51. g4 hxg4 52. hxg4 Ne6 53. f5 gxf5 54. gxf5 Nd4+ 55. Kd3 Nf3 56. Ke4 Nd2+ 57. Kf4 Ra4+ 58. Kg5 Nf3+ 59. Kf6 Ra6+ 60. e6 fxe6 61. Rb8# 1-0


[Site "https://www.chess.com"]

[Event "Titled Tuesday Blitz September 27 Early 2022"]
[White "Shandrygin, Nikita"]
[Black "Koziorowicz, Michal"]
[WhiteFideId "24198668"]
[BlackFideId "21809194"]
[WhiteElo "2323"]
[BlackElo "2220"]
[Result "0-1"]
[Round "04"]
[TimeControl "180+1"]
[Date "2022.09.27"]
[WhiteClock "0:00:01"]
[BlackClock "0:00:26"]

1. e4 c6 2. d4 d5 3. Nd2 dxe4 4. Nxe4 Nd7 5. Ng5 e6 6. Bc4 Nb6 7. Bb3 Be7 8. N5f3 Nf6 9. Ne5 O-O 10. Ngf3 c5 11. O-O a5 12. a4 cxd4 13. Nxd4 Bc5 14. Be3 Qe7 15. c3 Nbd5 16. Bd2 Rd8 17. Qe2 Nd7 18. Nd3 Bd6 19. Bxd5 exd5 20. Qxe7 Bxe7 21. Rfe1 Bf8 22. Bf4 Nc5 23. Nxc5 Bxc5 24. Bc7 Rf8 25. Nb5 Be6 26. Bd6 Rfc8 27. Bxc5 Rxc5 28. Nd4 Ra6 29. Re2 h6 30. Rae1 Rb6 31. f3 Rc4 32. Ra1 Bd7 33. Re7 Bxa4 34. g3 Rxb2 0-1


[Site "https://www.chess.com"]

[Event "Titled Tuesday Blitz September 27 Early 2022"]
[White "Shapiro, Daniel"]
[Black "Przybylski, Wojciech"]
[WhiteFideId "2001780"]
[BlackFideId "1117599"]
[WhiteElo "2218"]
[BlackElo "2133"]
[Result "0-1"]
[Round "04"]
[TimeControl "180+1"]
[Date "2022.09.27"]
[WhiteClock "0:00:35"]
[BlackClock "0:00:38"]

1. d4 d5 2. c4 e6 3. Nf3 Nf6 4. g3 Bb4+ 5. Bd2 Be7 6. Qc2 O-O 7. Bg2 Nbd7 8. O-O Nb6 9. b3 dxc4 10. bxc4 c5 11. e3 Qc7 12. Rc1 Bd7 13. Ne5 Ba4 14. Qd3 Rfd8 15. Nc3 Qxe5 16. Nxa4 Nxa4 17. Qb3 cxd4 18. Qxa4 d3 19. Bxb7 Rab8 20. Bc3 Qf5 21. Rab1 Ng4 22. f3 Rxb7 23. Rxb7 Qxf3 24. Rb2 Qxe3+ 25. Kg2 Qxc1 26. Qxa7 Qxc3 27. Qxe7 Qxb2+ 28. Kh3 Nf2+ 29. Kh4 Qd4+ 0-1


[Site "https://www.chess.com"]

[Event "Titled Tuesday Blitz September 27 Early 2022"]
[White "Sharifov, Mekhriddin"]
[Black "Carrasco Miranda, Andres"]
[WhiteFideId "14701545"]
[BlackFideId "3405990"]
[WhiteElo "1540"]
[BlackElo "2177"]
[Result "1-0"]
[Round "04"]
[TimeControl "180+1"]
[Date "2022.09.27"]
[WhiteClock "0:00:34"]
[BlackClock "0:00:02"]

1. a3 g6 2. c3 Bg7 3. d4 d6 4. Nf3 Nf6 5. Bg5 O-O 6. Nbd2 c5 7. e3 b6 8. Bc4 Bb7 9. O-O Nbd7 10. Qe2 a6 11. a4 Ra7 12. b4 Qa8 13. Rfc1 h6 14. Bh4 Re8 15. Bg3 Ne4 16. Nxe4 Bxe4 17. Ne1 e5 18. dxc5 dxc5 19. Rd1 Bf5 20. h4 Be6 21. Bxe6 Rxe6 22. h5 Kh7 23. e4 Nf6 24. hxg6+ fxg6 25. f3 Nh5 26. Bh2 Bf8 27. Nd3 cxb4 28. cxb4 Qe8 29. Rac1 Qxa4 30. Rc8 Bxb4 31. Bxe5 Ng7 32. Nxb4 Qxb4 33. Rdd8 g5 34. Bb2 Rae7 35. e5 Re8 36. Rxe8 Rxe8 37. Rc7 Kg8 38. e6 Nxe6 39. Rc4 Qd6 40. Re4 Kf7 41. Qxa6 Nf4 42. Qa2+ Kg6 43. Qb1 Rxe4 44. Qxe4+ Kh5 45. g4+ Kh4 46. Qe1+ Kh3 47. Qf1+ Kg3 48. Qf2+ Kh3 49. Qh2# 1-0


[Site "https://www.chess.com"]

[Event "Titled Tuesday Blitz September 27 Early 2022"]
[White "Shuvalov, Evgenij"]
[Black "Zhao, Jun"]
[WhiteFideId "4187237"]
[BlackFideId "8602522"]
[WhiteElo "2033"]
[BlackElo "2547"]
[Result "1-0"]
[Round "04"]
[TimeControl "180+1"]
[Date "2022.09.27"]
[WhiteClock "0:00:44"]
[BlackClock "0:00:24"]

1. d4 d5 2. c4 e6 3. Nc3 Nf6 4. cxd5 exd5 5. Bg5 c6 6. e3 h6 7. Bh4 Be7 8. Bd3 O-O 9. h3 Nbd7 10. Nf3 Ne4 11. Bxe7 Qxe7 12. O-O Nd6 13. Qc2 Nf6 14. Ne5 Re8 15. b4 Nd7 16. f4 Nb6 17. Rab1 Bd7 18. a4 a6 19. Rf3 Rad8 20. a5 Na8 21. Na4 Nc7 22. Nc5 Bc8 23. Kh2 Ne6 24. g4 Nxc5 25. bxc5 Ne4 26. Bxe4 dxe4 27. Rg3 Rd5 28. Rbg1 Qh4 29. Qxe4 f6 30. Qg6 Re7 31. Nf3 1-0


[Site "https://www.chess.com"]

[Event "Titled Tuesday Blitz September 27 Early 2022"]
[White "Shyaamnikhil P"]
[Black "Zhigalko, Sergei"]
[WhiteFideId "5024218"]
[BlackFideId "13502956"]
[WhiteElo "2273"]
[BlackElo "2662"]
[Result "0-1"]
[Round "04"]
[TimeControl "180+1"]
[Date "2022.09.27"]
[WhiteClock "0:00:11"]
[BlackClock "0:00:05"]

1. d4 Nf6 2. Nf3 e6 3. g3 b5 4. Bg2 Bb7 5. O-O c5 6. c3 Be7 7. a4 b4 8. Nbd2 O-O 9. Re1 d5 10. dxc5 bxc3 11. Nb3 Na6 12. bxc3 Nxc5 13. Nxc5 Bxc5 14. Ne5 Rc8 15. Nd3 Bb6 16. Ba3 Re8 17. Qb3 Ba6 18. Qb2 Ne4 19. Bxe4 dxe4 20. Nb4 Bc4 21. Nc2 Qg5 22. Bd6 e5 23. Qb4 Qd2 24. a5 Bxf2+ 25. Kxf2 Qxc2 26. Bc5 e3+ 27. Bxe3 a6 28. Kg1 Qe4 29. Bf2 h5 30. Ra4 Qc6 31. e4 Red8 32. Raa1 Qf6 33. Qb6 Rd6 34. Qa7 h4 35. gxh4 Qf3 36. Qe3 Qg4+ 37. Qg3 Qh5 38. Qh3 Rg6+ 39. Bg3 Rd8 40. Qg2 Rd3 41. Rf1 Kh7 42. Rf2 Qg4 43. Kh1 Be6 44. Re1 Rxc3 45. Qf1 Rb3 46. Qe2 Qxe2 47. Rfxe2 f6 48. Re3 Rb5 49. Ra3 Rg4 50. Kg2 Rb4 51. Kf3 Rg6 52. Ree3 Bg4+ 53. Kf2 Be6 54. Re2 Rg4 55. Ree3 Kg6 56. Kf3 Kh5 57. Rec3 Rgxe4 58. Re3 Bg4+ 59. Kf2 Rb2+ 60. Kf1 Rc4 61. h3 Bxh3+ 0-1


[Site "https://www.chess.com"]

[Event "Titled Tuesday Blitz September 27 Early 2022"]
[White "Silva, Kevin Ranidu"]
[Black "Bartel, Michal"]
[WhiteFideId "9935258"]
[BlackFideId "1119257"]
[WhiteElo "1626"]
[BlackElo "2274"]
[Result "0-1"]
[Round "04"]
[TimeControl "180+1"]
[Date "2022.09.27"]
[WhiteClock "0:01:26"]
[BlackClock "0:02:01"]

1. e4 e5 2. Nf3 Nc6 3. Bc4 Be7 4. O-O Nf6 5. d3 O-O 6. a3 d6 7. Nc3 h6 8. h3 Be6 9. Bxe6 fxe6 10. d4 exd4 11. Nxd4 Nxd4 12. Qxd4 e5 13. Qd3 Qe8 14. f4 exf4 15. Bxf4 Kh8 16. Rae1 Nh5 17. Bh2 Bf6 18. Nd5 Rc8 19. g4 Bh4 20. gxh5 Bxe1 21. Rxe1 Qxh5 22. Qe2 Qxh3 23. Qg2 Qh4 24. Bg3 Qg5 25. Bf2 Qd2 26. Ne7 Rxf2 27. Ng6+ Kh7 28. Qxf2 Qxf2+ 29. Kxf2 Kxg6 30. Ke3 Kf6 0-1


[Site "https://www.chess.com"]

[Event "Titled Tuesday Blitz September 27 Early 2022"]
[White "Skuhala, Barbara"]
[Black "Roque Sola, Gisela"]
[WhiteFideId "14605465"]
[BlackFideId "5120241"]
[WhiteElo "2155"]
[BlackElo "1845"]
[Result "1-0"]
[Round "04"]
[TimeControl "180+1"]
[Date "2022.09.27"]
[WhiteClock "0:01:30"]
[BlackClock "0:00:12"]

1. e4 c5 2. Nf3 Nc6 3. d4 cxd4 4. Nxd4 e5 5. Nb3 Be7 6. Nc3 d6 7. Be3 f5 8. f3 Nf6 9. Qd2 f4 10. Bf2 Be6 11. O-O-O a6 12. g3 fxg3 13. hxg3 b5 14. Be2 Rc8 15. Kb1 O-O 16. Be3 b4 17. Nd5 Bxd5 18. exd5 Na5 19. f4 exf4 20. gxf4 Nxb3 21. axb3 Qa5 22. Bd4 Qxd5 23. Bc4 Rxc4 24. bxc4 Qxc4 25. Bxf6 Rxf6 26. Rde1 Bf8 27. Qh2 Rh6 28. Qf2 Rf6 29. f5 b3 30. cxb3 Qxb3 31. Rhf1 Qd3+ 32. Qc2 Qb5 33. Rf2 d5 34. Re6 Qc4 35. Qxc4 dxc4 36. Rxf6 gxf6 37. Kc2 Kf7 38. Kc3 Bc5 39. Rh2 Bd6 40. Rxh7+ Kg8 41. Ra7 Be5+ 42. Kc2 a5 43. Rxa5 Kg7 44. Rc5 Kh6 45. Rxc4 Kg5 46. b4 Kxf5 47. b5 Ke6 48. b6 Kd5 49. Rc8 f5 50. b7 f4 51. b8=Q Bxb8 52. Rxb8 Ke4 53. Kd2 Kf3 54. Ke1 Kg2 55. Rg8+ Kh2 56. Kf2 Kh1 57. Rh8# 1-0


[Site "https://www.chess.com"]

[Event "Titled Tuesday Blitz September 27 Early 2022"]
[White "So, Wesley"]
[Black "Vachylia, Andrii"]
[WhiteFideId "5202213"]
[BlackFideId "14137224"]
[WhiteElo "2763"]
[BlackElo "2318"]
[Result "1-0"]
[Round "04"]
[TimeControl "180+1"]
[Date "2022.09.27"]
[WhiteClock "0:01:00"]
[BlackClock "0:00:12"]

1. d4 Nf6 2. Nc3 d5 3. Bf4 a6 4. e3 c5 5. dxc5 Nc6 6. Nf3 e6 7. Na4 Nd7 8. a3 Nxc5 9. Nxc5 Bxc5 10. Bd3 Bd6 11. O-O Bxf4 12. exf4 Qf6 13. Qc1 O-O 14. Re1 Bd7 15. c3 Rac8 16. Qe3 Rfd8 17. Rad1 h6 18. h4 Na5 19. g3 Bb5 20. Bxb5 axb5 21. Qb6 Nc4 22. Qxb5 Rc6 23. Ne5 Nxe5 24. fxe5 Qe7 25. Rd4 Qc7 26. Rb4 b6 27. Qd3 Rc4 28. h5 Rd7 29. Re2 Kh8 30. Kg2 Kg8 31. Qe3 Rc6 32. Rd2 Rd8 33. Rg4 Qe7 34. Qxh6 Qf8 35. Rdd4 Rd7 36. Qf6 Rc4 37. h6 g6 38. h7+ Kxh7 39. Rh4+ Qh6 1-0


[Site "https://www.chess.com"]

[Event "Titled Tuesday Blitz September 27 Early 2022"]
[White "Sovetbekova, Nurai"]
[Black "Crevatin, Leo"]
[WhiteFideId "13801910"]
[BlackFideId "1726307"]
[WhiteElo "1646"]
[BlackElo "2156"]
[Result "1-0"]
[Round "04"]
[TimeControl "180+1"]
[Date "2022.09.27"]
[WhiteClock "0:00:09"]
[BlackClock "0:00:02"]

1. d4 Nf6 2. c4 e6 3. g3 d5 4. Bg2 Bb4+ 5. Nd2 O-O 6. Nf3 b6 7. O-O Bb7 8. Qc2 Nbd7 9. Nb3 Be7 10. cxd5 exd5 11. Bf4 c5 12. dxc5 bxc5 13. Rfd1 Rc8 14. Rac1 Qb6 15. Nh4 Rfe8 16. Nf5 Bf8 17. Ne3 Qa6 18. Rd2 d4 19. Bxb7 Qxb7 20. Nc4 Ne4 21. Rdd1 Qa6 22. Nbd2 Ndf6 23. Nf3 Nd5 24. Bd2 h5 25. a3 Re6 26. e3 dxe3 27. Nxe3 Qe2 28. Nxd5 Qxf2+ 29. Kh1 Qxf3+ 30. Kg1 Nf2 31. Nf4 g5 32. Be1 gxf4 33. Qxf2 Qxf2+ 34. Bxf2 fxg3 35. Bxg3 Re2 36. Re1 Rxb2 37. Re5 c4 38. Rxh5 c3 39. Rg5+ Kh7 40. Be5 Rd2 41. Bxc3 Rd3 42. Rg3 Rxg3+ 43. hxg3 Bxa3 44. Rc2 Bb4 45. Rh2+ Kg6 46. Bxb4 Rc1+ 47. Kg2 Rc4 48. Be1 a6 49. Rh1 Rc1 50. Kh3 a5 51. Rf1 a4 52. Kg2 a3 53. Bd2 Rc2 54. Rf2 a2 55. Bc3 Rxc3 56. Rxa2 Rb3 57. Ra6+ f6 58. Ra2 Kg5 59. Rf2 f5 60. Rf3 Rb4 61. Rf2 Rc4 62. Rf3 Rd4 63. Kh3 Re4 64. Rf2 Re3 65. Ra2 f4 66. Ra5+ Kg6 67. Ra6+ Kf5 68. Ra5+ Kf6 69. Ra6+ Ke7 70. Ra7+ Kd6 71. Ra6+ Kc5 72. Rg6 Kd5 73. Rg5+ Ke6 74. Rg4 f3 75. Rf4 Ke5 76. Kg4 f2 77. Rxf2 Rd3 78. Kh3 Ke6 79. Kh4 Ke5 80. g4 Rd1 81. Kg5 Rg1 82. Re2+ Kd6 83. Kf5 Rf1+ 84. Kg6 Kd7 85. g5 Rg1 86. Kf6 Rf1+ 87. Kg7 Rg1 88. g6 1-0


[Site "https://www.chess.com"]

[Event "Titled Tuesday Blitz September 27 Early 2022"]
[White "Sprenar, Petr"]
[Black "Rosenberg, Evan S"]
[WhiteFideId "397164"]
[BlackFideId "2019299"]
[WhiteElo "2153"]
[BlackElo "2366"]
[Result "1-0"]
[Round "04"]
[TimeControl "180+1"]
[Date "2022.09.27"]
[WhiteClock "0:02:04"]
[BlackClock "0:02:18"]

1. d4 d5 2. c4 e6 3. Nf3 a6 4. g3 dxc4 5. a4 Nc6 6. Bg2 Rb8 7. O-O b5 8. axb5 axb5 9. b3 cxb3 10. Qxb3 Nxd4 11. Nxd4 Qxd4 12. Bc6+ Bd7 13. Rd1 Qd3 1-0


[Site "https://www.chess.com"]

[Event "Titled Tuesday Blitz September 27 Early 2022"]
[White "Stremavicius, Titas"]
[Black "Papp, Levente"]
[WhiteFideId "12804444"]
[BlackFideId "751243"]
[WhiteElo "2399"]
[BlackElo "2341"]
[Result "1-0"]
[Round "04"]
[TimeControl "180+1"]
[Date "2022.09.27"]
[WhiteClock "0:00:46"]
[BlackClock "0:00:02"]

1. c4 Nf6 2. Nc3 d5 3. cxd5 Nxd5 4. Nf3 g6 5. h4 h6 6. e4 Nxc3 7. dxc3 Qxd1+ 8. Kxd1 Bg7 9. Bf4 c6 10. Bc4 Nd7 11. Kc2 e5 12. Bg3 Ke7 13. a4 f5 14. exf5 gxf5 15. Rhe1 e4 16. Nd4 Bxd4 17. cxd4 Nb6 18. b3 Be6 19. Bxe6 Kxe6 20. Be5 Rhg8 21. g3 Nd5 22. a5 Nb4+ 23. Kc3 Nd3 24. Re2 Nxe5 25. dxe5 Kxe5 26. a6 b6 27. Rd1 Rad8 28. Red2 Rxd2 29. Rxd2 Rg7 30. Rd8 Rf7 31. Rh8 f4 32. Rxh6 fxg3 33. fxg3 Rf3+ 34. Kc2 Rxg3 35. Rxc6 Rg7 36. h5 Kd5 37. Rg6 Rh7 38. h6 Kc5 39. Rg5+ Kc6 40. Rh5 b5 41. Kd2 Kb6 42. Ke3 Kxa6 43. Kxe4 Kb6 44. Kf5 a5 45. Kg6 Rh8 46. Kg7 Rc8 47. h7 a4 48. bxa4 bxa4 49. h8=Q Rxh8 50. Kxh8 Kc6 51. Kg7 1-0


[Site "https://www.chess.com"]

[Event "Titled Tuesday Blitz September 27 Early 2022"]
[White "Sukandar, Irine Kharisma"]
[Black "Jean Louis, Marckens"]
[WhiteFideId "7101937"]
[BlackFideId "11900270"]
[WhiteElo "2284"]
[BlackElo "2031"]
[Result "0-1"]
[Round "04"]
[TimeControl "180+1"]
[Date "2022.09.27"]
[WhiteClock "0:00:02"]
[BlackClock "0:00:48"]

1. d4 e6 2. c4 d5 3. Nc3 Nf6 4. Nf3 Bb4 5. Qa4+ Nc6 6. e3 O-O 7. Bd3 a6 8. Qc2 h6 9. O-O dxc4 10. Bxc4 b5 11. Bd3 Bb7 12. Ne4 Be7 13. a3 Na5 14. Nxf6+ Bxf6 15. Bd2 Nc4 16. Bxc4 bxc4 17. Qxc4 Bd5 18. Qe2 c5 19. Bc3 cxd4 20. Nxd4 Rc8 21. Rfd1 Qb6 22. e4 Ba8 23. e5 Be7 24. Rac1 Rfd8 25. Nc2 Qb7 26. Qg4 Qb3 27. Ne3 Rxd1+ 28. Qxd1 Qb7 29. Bb4 Rd8 30. Qe1 Bg5 31. Qe2 Qe4 32. Bd6 Qb7 33. Re1 Rc8 34. Qg4 Qxb2 35. h4 Bxe3 36. Rxe3 Rc1+ 37. Kh2 Qxf2 0-1


[Site "https://www.chess.com"]

[Event "Titled Tuesday Blitz September 27 Early 2022"]
[White "Svane, Rasmus"]
[Black "Gabrielian, Artur"]
[WhiteFideId "4657101"]
[BlackFideId "4131002"]
[WhiteElo "2674"]
[BlackElo "2467"]
[Result "0-1"]
[Round "04"]
[TimeControl "180+1"]
[Date "2022.09.27"]
[WhiteClock "0:00:03"]
[BlackClock "0:00:14"]

1. Nf3 Nf6 2. g3 g6 3. Bg2 Bg7 4. O-O O-O 5. d4 d5 6. c4 c6 7. Qb3 Qb6 8. Nc3 Rd8 9. Bd2 Bg4 10. Na4 Qxb3 11. axb3 Nbd7 12. e3 Ne4 13. Bb4 Bxf3 14. Bxf3 e6 15. Bxe4 dxe4 16. Nc3 f5 17. Rfd1 b6 18. Be7 Re8 19. Bd6 a6 20. b4 b5 21. c5 Bf8 22. Bf4 Ra7 23. Ra2 Rea8 24. Rda1 h6 25. h4 Kg7 26. Be5+ Kf7 27. Ne2 Be7 28. Kg2 Bd8 29. Bd6 a5 30. b3 Nf6 31. Nc3 g5 32. hxg5 hxg5 33. Be5 Ng4 34. Ne2 Kg6 35. Bd6 Rh7 36. Ng1 Rh2+ 37. Kf1 a4 38. bxa4 Rxa4 39. Rxa4 Rxf2+ 40. Ke1 bxa4 41. Rxa4 Rg2 42. Ne2 Nxe3 43. Ra6 Bf6 44. Rxc6 Nc2+ 45. Kf1 Rh2 46. b5 e3 47. Be5 Rf2+ 48. Kg1 Bxe5 49. dxe5 Rxe2 50. b6 Nd4 51. Rd6 Nf3+ 52. Kh1 Rh2# 0-1


[Site "https://www.chess.com"]

[Event "Titled Tuesday Blitz September 27 Early 2022"]
[White "Sychev, Klementy"]
[Black "Sztokbant, Bernardo Vainzoff"]
[WhiteFideId "4114060"]
[BlackFideId "2115956"]
[WhiteElo "2564"]
[BlackElo "2172"]
[Result "1-0"]
[Round "04"]
[TimeControl "180+1"]
[Date "2022.09.27"]
[WhiteClock "0:00:57"]
[BlackClock "0:00:01"]

1. d4 Nf6 2. c4 e6 3. Nc3 d5 4. cxd5 exd5 5. Bg5 c6 6. e3 Be7 7. Bd3 Nbd7 8. Qc2 Nh5 9. Bxe7 Qxe7 10. Nge2 Nhf6 11. O-O O-O 12. Rae1 Re8 13. Ng3 Nf8 14. f3 Qd6 15. Kh1 Be6 16. Nce2 Rac8 17. e4 dxe4 18. fxe4 Ng4 19. Qd2 Rcd8 20. h3 Ne5 21. Bb1 Nfg6 22. Nh5 c5 23. d5 f6 24. Neg3 Bc8 25. Nxg7 Kxg7 26. Nh5+ Kh8 27. Rxf6 Qe7 28. Ref1 Rf8 29. d6 Rxf6 30. dxe7 Rxf1+ 31. Kh2 Rxd2 32. e8=Q+ Rf8 33. Qb5 b6 34. Qb3 c4 35. Qc3 Bb7 36. Qxd2 Rf1 37. Qd6 Rf7 38. Qb8+ Rf8 39. Qxb7 1-0


[Site "https://www.chess.com"]

[Event "Titled Tuesday Blitz September 27 Early 2022"]
[White "Taboas Rodriguez, Daniel"]
[Black "Bortnyk, Mykola"]
[WhiteFideId "2208466"]
[BlackFideId "14120836"]
[WhiteElo "2429"]
[BlackElo "2582"]
[Result "0-1"]
[Round "04"]
[TimeControl "180+1"]
[Date "2022.09.27"]
[WhiteClock "0:00:54"]
[BlackClock "0:01:23"]

1. d4 Nf6 2. Nf3 e6 3. c4 b6 4. Nc3 d5 5. cxd5 exd5 6. Bg5 Be7 7. e3 O-O 8. Bd3 Bb7 9. O-O c5 10. Qc2 h6 11. Bxf6 Bxf6 12. dxc5 bxc5 13. Rfd1 Nd7 14. Bf5 Nb6 15. Rac1 Qe7 16. Re1 Rfd8 17. b3 g6 18. Bd3 Rac8 19. Ne2 c4 20. bxc4 dxc4 21. Bxg6 fxg6 22. Qxg6+ Qg7 23. Qh5 Qf7 24. Qxh6 Bxf3 25. gxf3 Qg7+ 26. Qxg7+ Kxg7 27. Nf4 Rd2 28. a4 Bb2 29. Rcd1 c3 30. Nd3 Rxd1 31. Rxd1 c2 32. Re1 c1=Q 33. Nxc1 Rxc1 34. Rxc1 Bxc1 35. a5 Nd5 36. f4 Bd2 37. a6 Nc7 38. Kg2 Nxa6 39. Kf3 Nc5 40. Ke2 Bb4 41. Kd1 a5 42. Kc2 a4 43. Kb2 Nd3+ 44. Kc2 Nxf2 45. h4 Ng4 46. Kd3 a3 47. Kc2 Nxe3+ 48. Kb3 Ng2 49. Ka2 Nxf4 50. h5 Nxh5 51. Kb1 Kf6 52. Ka2 Ke5 53. Kb1 Kd5 54. Ka2 Kc4 55. Kb1 Kb3 56. Ka1 Bc3+ 57. Kb1 a2+ 0-1


[Site "https://www.chess.com"]